Workbook

Sheet Linden HSA Officers 2025-2026
A1: Linden HSA Officers
A2: 2025-2026 School Year
A5: Co- President | B5: Ashley Seitzinger
A6: Co- President | B6: Caitrin Murphy
A7: VP | B7: Krishna Patel
A8: Secretary | B8: Juila Bucey
A9: Co-Treasurer | B9: Claire Ramamurthy
A10: Co-Treasurer | B10: Katie McCollum

Sheet Budget v. Actual 2025-2026
A1: Budget V. Actual
A2: 2024-2025 School Year
A4: INCOME
A5: Heading Name | B5: Category Name | C5: 25-26 Budget | D5: 25-26 Actual
A6: Income | B6: Book Fair | C6: 0 | D6: 42.65
A7: Income | B7: Box Tops | C7: 150 | D7: 137.2
A8: Income | B8: Color Run | C8: 1500 | D8: 0
A9: Income | B9: Get Movin' Fundraiser 'Laps for Linden' | C9: 0 | D9: 0
A10: Income | B10: Let's Run Program | C10: 0 | D10: 104.35
A11: Income | B11: LHSA Dues | C11: 6000 | D11: 4205.08
A12: Income | B12: Memory Book | C12: -2000 | D12: -2399.45
A13: Income | B13: Polar Pals Holiday Shop | C13: 0 | D13: 3002.27
A14: Income | B14: Raffle Basket Fundraiser | C14: 3000 | D14: 0
A15: Income | B15: Spirit Nights | C15: 1500 | D15: 3018.23
A16: Income | B16: Sweetheart Dance | C16: 1000 | D16: 395.98
A17: Income | B17: Winter Programs | C17: 1400 | D17: 161.87
A18: TOTAL | C18: =SUM(C6:C17) -> 12550 | D18: =SUM(D6:D17) -> 8668.18
A21: EXPENSES
A22: Heading Name | B22: Category Name | C22: 25-26 Budget | D22: 25-26 Actual
A23: Genl Op Exp | B23: Accountant | C23: 350 | D23: 350
A24: Genl Op Exp | B24: Bank Service Fees | C24: 0 | D24: 1.52
A25: Genl Op Exp | B25: PTO Annual Fee | C25: 140 | D25: 139
A26: Genl Op Exp | B26: Supplies / Postage | C26: 50 | D26: 101.2
A27: Schl Prog Exp | B27: 6th & 5th Grade - Ropes Course | C27: 8000 | D27: 8000
A28: Schl Prog Exp | B28: Assemblies | C28: 3000 | D28: 3670
A29: Schl Prog Exp | B29: Author Assembly | C29: 3000 | D29: 2557.5
A30: Schl Prog Exp | B30: Back to School Bash | C30: 0 | D30: 0
A31: Schl Prog Exp | B31: Bingo Night | C31: 50 | D31: -138.26
A32: Schl Prog Exp | B32: Car Rider Magnets | C32: 0 | D32: 0
A33: Schl Prog Exp | B33: End of Year Picnic | C33: 0 | D33: 0
A34: Schl Prog Exp | B34: Field Day | C34: 150 | D34: 99.9
... A45: Schl Prog Exp | B45: Trunk or Treat | C45: 0 | D45: 0
A46: TOTALS | C46: =SUM(C23:C45) -> 20190 | D46: =SUM(D23:D45) -> 18653.66
D48: =D18-D46 -> -9985.48 | E48: Net
D49: =D48-'Account Balance'!G7 -> 0 | E49: Check

Sheet Account Balance
A1: Account Balance | B1: (Run 'Account Summary' Report in PTO Manager)
A2: 2025-2026 School Year
A4: Account Name | B4: Account Number | C4: Account Type | D4: Opening Balance | E4: Cash Out | F4: Cash In | G4: Closing Balance
A5: TD Checking | B5: 8450 | C5: Bank Account | D5: 18462.51 | E5: 44325.19 | F5: 34339.71 | G5: 8477.03
D6: =D5-'Acct Summary 2025-2026'!B4 -> 0 | E6: =E5-'Acct Summary 2025-2026'!C4 -> 0 | F6: =F5-'Acct Summary 2025-2026'!D4 -> 0 | G6: =G5-'Acct Summary 2025-2026'!E4 -> 0
G7: =F5-E5 -> -9985.48 | H7: Net
G8: =G7-'Budget v. Actual 2025-2026'!D48 -> 0 | H8: Check - see below

Sheet Fundraising Income & Expense
A1: Fundraising Income and Expense | C1: Run 'Category Detail Report' from PTO Manager
A2: ='Account Balance'!A2 -> 2025-2026 School Year
A4: Heading | B4: Category | C4: Date | D4: Active | E4: Chk/Ref | F4: Payee/Payor | G4: Description | H4: Cleared? | I4: Cash Out | J4: Cash In
A5: Fundraising Inc. | B5: Book Fairs | C5: 45936 | D5: Yes | E5: 2036 | F5: Cash Box | G5: Book Fair Cash Box | H5: Yes | I5: 130 | J5: 0
A6: Fundraising Inc. | B6: Book Fairs | C6: 45938 | D6: Yes | E6: Deposit | F6: Book Fair | G6: Literati | H6: Yes | I6: 0 | J6: 1689
A7: Fundraising Inc. | B7: Book Fairs | C7: 45938 | D7: Yes | E7: Withdraw | F7: Cash Box | G7: Cash Box for Book Fair | H7: Yes | I7: 8 | J7: 0
A8: Fundraising Inc. | B8: Book Fairs | C8: 45938 | D8: Yes | E8: 2037 | F8: Cash Box | G8: Cash Box for Book Fair | H8: Yes | I8: 50 | J8: 0
A9: Fundraising Inc. | B9: Book Fairs | C9: 45940 | D9: Yes | E9: Deposit | F9: Book Fair | G9: Literati | H9: Yes | I9: 0 | J9: 2673.57
A10: Fundraising Inc. | B10: Book Fairs | C10: 45955 | D10: Yes | E10: 2040 | F10: Literati Inc. | G10: Book Fair | H10: Yes | I10: 4137.42 | J10: 0
A11: Fundraising Inc. | B11: Book Fairs | C11: 45968 | D11: Yes | E11: Deposit | F11: Book Fair | G11: Change from Cash Box | H11: Yes | I11: 0 | J11: 5.5
A12: Fundraising Inc. | B12: Box Tops | C12: 45938 | D12: Yes | E12: Deposit | F12: Pay Pal Giving Fund | G12: Donation | H12: Yes | I12: 0 | J12: 1.7
A13: Fundraising Inc. | B13: Box Tops | C13: 46053 | D13: Yes | E13: Check | F13: Box Tops | G13: Box Tops for Education | H13: Yes | I13: 0 | J13: 118.3
A14: Fundraising Inc. | B14: Box Tops | C14: 46137 | D14: Yes | E14: Deposit | F14: Deposit | G14: Lovebird (160); Box Tops (17.20) | H14: Yes | I14: 0 | J14: 17.2
A15: Fundraising Inc. | B15: Let's Run Program | C15: 46127 | D15: Yes | E15: MPP Deposit | F15: MPP Deposit | G15: Yearbook and Run Club | H15: Yes | I15: 0 | J15: 57.6
A16: Fundraising Inc. | B16: Let's Run Program | C16: 46128 | D16: Yes | E16: MPP Deposit | F16: MPP Deposit | G16: Run Club | H16: Yes | I16: 0 | J16: 230.4
A17: Fundraising Inc. | B17: Let's Run Program | C17: 46129 | D17: Yes | E17: MPP Deposit | F17: MPP Deposit | G17: Run Club | H17: Yes | I17: 0 | J17: 230.4
A18: Fundraising Inc. | B18: Let's Run Program | C18: 46132 | D18: Yes | E18: MPP Deposit | F18: MPP Deposit | G18: LHSA Dues, Run Club, Yearbook | H18: Yes | I18: 0 | J18: 76.8
A19: Fundraising Inc. | B19: Let's Run Program | C19: 46133 | D19: Yes | E19: MPP Deposit | F19: MPP Deposit | G19: Run Club | H19: Yes | I19: 0 | J19: 249.63
A20: Fundraising Inc. | B20: Let's Run Program | C20: 46140 | D20: Yes | E20: MPP Deposits (4/22 - 4/28) | F20: MPP Deposit | G20: MPP Deposits Run Club (4/22 - 4/28) | H20: Yes | I20: 0 | J20: 460.8
A21: Fundraising Inc. | B21: Let's Run Program | C21: 46163 | D21: Yes | E21: 2077 | F21: Caitrin Shelley | G21: Run Club Supplies & Snacks | H21: Yes | I21: 1281.28 | J21: 0
A22: Fundraising Inc. | B22: Let's Run Program | C22: 46181 | D22: Yes | E22: Cash | F22: Leaping Leopards | G22: Dues | H22: Yes | I22: 0 | J22: 20
A23: Fundraising Inc. | B23: Let's Run Program | C23: 46197 | D23: Yes | E23: Deposit | F23: Leaping Leopards | G23: Dues | H23: Yes | I23: 0 | J23: 60
A24: Fundraising Inc. | B24: LHSA Dues | C24: 45950 | D24: Yes | E24: MPP Deposit | F24: MPP LHSA Dues | G24: MPP LHSA Dues | H24: Yes | I24: 0 | J24: 192.01
A25: Fundraising Inc. | B25: LHSA Dues | C25: 45951 | D25: Yes | E25: MPP Deposit | F25: MPP LHSA Dues | G25: MPP LHSA Dues | H25: Yes | I25: 0 | J25: 355.24
A26: Fundraising Inc. | B26: LHSA Dues | C26: 45953 | D26: Yes | E26: MPP Deposit | F26: MPP LHSA Dues | G26: MPP LHSA Dues | H26: Yes | I26: 0 | J26: 28.8
A27: Fundraising Inc. | B27: LHSA Dues | C27: 45954 | D27: Yes | E27: MPP Deposit | F27: MPP LHSA Dues | G27: MPP LHSA Dues | H27: Yes | I27: 0 | J27: 220.82
A28: Fundraising Inc. | B28: LHSA Dues | C28: 45957 | D28: Yes | E28: MPP Deposit | F28: MPP Deposit LHSA Dues | G28: MPP Deposit LHSA Dues | H28: Yes | I28: 0 | J28: 268.82
A29: Fundraising Inc. | B29: LHSA Dues | C29: 45961 | D29: Yes | E29: Various MPP LHSA Dues | F29: MPP LHSA Dues | G29: MPP LHSA Dues | H29: Yes | I29: 0 | J29: 787.2
A30: Fundraising Inc. | B30: LHSA Dues | C30: 45968 | D30: Yes | E30: MPP LHSA Dues Various Dates | F30: MPP LHSA Dues Various Dates | G30: MPP LHSA Dues Various Dates | H30: Yes | I30: 0 | J30: 259.11
A31: Fundraising Inc. | B31: LHSA Dues | C31: 45968 | D31: Yes | E31: Deposit | F31: Cash/Checks | G31: LHSA Dues | H31: Yes | I31: 0 | J31: 920
A32: Fundraising Inc. | B32: LHSA Dues | C32: 45978 | D32: Yes | E32: MPP LHSA Dues Various Dates | F32: MPP LHSA Dues | G32: MPP LHSA Dues Various Dates | H32: Yes | I32: 0 | J32: 220.8
A33: Fundraising Inc. | B33: LHSA Dues | C33: 45980 | D33: Yes | E33: Deposits | F33: Checks/Cash | G33: LHSA Dues | H33: Yes | I33: 0 | J33: 420
... A54: Fundraising Inc. | B54: Memory Book | C54: 46132 | D54: Yes | E54: MPP Deposit | F54: MPP Deposit | G54: LHSA Dues, Run Club, Yearbook | H54: Yes | I54: 0 | J54: 230.41
A55: Fundraising Inc. | B55: Memory Book | C55: 46157 | D55: Yes | E55: 2075 | F55: Memory Book by Jostens | G55: Yearbook | H55: Yes | I55: 6019.53 | J55: 0
A56: Fundraising Inc. | B56: Memory Book | C56: 46197 | D56: Yes | E56: Deposit | F56: Yearbook | G56: Yearbook - End of the Year Sales | H56: Yes | I56: 0 | J56: 1220
A57: Fundraising Inc. | B57: Polar Pals Holiday Shop | C57: 46006 | D57: Yes | E57: 2046 | F57: Cash Box | G57: Cash Box for Polar Pals Shop | H57: Yes | I57: 220 | J57: 0
A58: Fundraising Inc. | B58: Polar Pals Holiday Shop | C58: 46008 | D58: Yes | E58: 2047 | F58: Cash Box | G58: Quarters for Polar Pals Shop | H58: Yes | I58: 60 | J58: 0
A59: Fundraising Inc. | B59: Polar Pals Holiday Shop | C59: 46008 | D59: Yes | E59: 2048 | F59: Denise Dempsey | G59: Polar Pals Gift Cards for Kids in Need | H59: Yes | I59: 168 | J59: 0
A60: Fundraising Inc. | B60: Polar Pals Holiday Shop | C60: 46014 | D60: Yes | E60: Deposit | F60: Cash/Check | G60: Polar Pals | H60: Yes | I60: 0 | J60: 5414
A61: Fundraising Inc. | B61: Polar Pals Holiday Shop | C61: 46032 | D61: Yes | E61: 2049 | F61: Believe Kids | G61: Polar Pals Holiday Shop | H61: Yes | I61: 1963.73 | J61: 0
A62: Fundraising Inc. | B62: Spirit Nights | C62: 45940 | D62: Yes | E62: Deposit | F62: PJ Whelihan's | G62: Dine & Donate | H62: Yes | I62: 0 | J62: 437.52
A63: Fundraising Inc. | B63: Spirit Nights | C63: 45961 | D63: Yes | E63: MPP Pie Fundraiser | F63: MPP Pie Fundraiser | G63: MPP Pie Fundraiser | H63: Yes | I63: 0 | J63: 124.85
A64: Fundraising Inc. | B64: Spirit Nights | C64: 45968 | D64: Yes | E64: MPP Pie Fundraiser Various Dates | F64: MPP Pie Fundraiser | G64: MPP Pie Fundraiser Various Dates | H64: Yes | I64: 0 | J64: 192.14
A65: Fundraising Inc. | B65: Spirit Nights | C65: 45978 | D65: Yes | E65: 2042 | F65: Tabora Farms | G65: Pie Fundraiser | H65: Yes | I65: 1371 | J65: 0
A66: Fundraising Inc. | B66: Spirit Nights | C66: 45978 | D66: Yes | E66: MPP Pie Fundraiser Various Dates | F66: MPP Pie Fundraiser | G66: MPP Pie Fundraiser | H66: Yes | I66: 0 | J66: 499.26
A67: Fundraising Inc. | B67: Spirit Nights | C67: 45980 | D67: Yes | E67: Deposit | F67: Cash/Checks | G67: Pie Fundraiser | H67: Yes | I67: 0 | J67: 800
A68: Fundraising Inc. | B68: Spirit Nights | C68: 45981 | D68: Yes | E68: MPP Pie Fundraiser Various Dates | F68: MPP Pie Fundraiser | G68: MPP Pie Fundraiser Various Dates | H68: Yes | I68: 0 | J68: 393.35
A69: Fundraising Inc. | B69: Spirit Nights | C69: 45999 | D69: Yes | E69: 2044 | F69: Cash Box | G69: Cash Box for Spirit Night | H69: Yes | I69: 60 | J69: 0
A70: Fundraising Inc. | B70: Spirit Nights | C70: 46004 | D70: Yes | E70: Deposits | F70: Cash | G70: Chick-fil-A Raffle Tickets | H70: Yes | I70: 0 | J70: 108
A71: Fundraising Inc. | B71: Spirit Nights | C71: 46004 | D71: Yes | E71: Deposit | F71: Check | G71: Chipotle | H71: Yes | I71: 0 | J71: 146.96
A72: Fundraising Inc. | B72: Spirit Nights | C72: 46004 | D72: Yes | E72: Deposit | F72: Check | G72: Red Robin | H72: Yes | I72: 0 | J72: 72.97
A73: Fundraising Inc. | B73: Spirit Nights | C73: 46014 | D73: Yes | E73: Deposit | F73: Check | G73: Chick-fil-A | H73: Yes | I73: 0 | J73: 74.72
A74: Fundraising Inc. | B74: Spirit Nights | C74: 46053 | D74: Yes | E74: Check | F74: Jules Pizza | G74: Dine & Donates | H74: Yes | I74: 0 | J74: 91
A75: Fundraising Inc. | B75: Spirit Nights | C75: 46081 | D75: Yes | E75: Deposit | F75: Pink Skirts Dessert | G75: Donation | H75: Yes | I75: 0 | J75: 243.6
A76: Fundraising Inc. | B76: Spirit Nights | C76: 46081 | D76: Yes | E76: Deposit | F76: Red Robin | G76: Dine & Donate | H76: Yes | I76: 0 | J76: 82.63
A77: Fundraising Inc. | B77: Spirit Nights | C77: 46120 | D77: Yes | E77: Deposit | F77: Chuck E Cheese | G77: Chuck E Cheese - Dine & Donate #1 | H77: Yes | I77: 0 | J77: 29.03
A78: Fundraising Inc. | B78: Spirit Nights | C78: 46120 | D78: Yes | E78: Deposit | F78: Chuck E Cheese | G78: Chuck E Cheese - Dine & Donate #2 | H78: Yes | I78: 0 | J78: 413.99
A79: Fundraising Inc. | B79: Spirit Nights | C79: 46120 | D79: Yes | E79: Deposit | F79: PJ Whelihan's | G79: PJ's - Dine & Donate | H79: Yes | I79: 0 | J79: 118.83
A80: Fundraising Inc. | B80: Spirit Nights | C80: 46120 | D80: Yes | E80: Deposit | F80: Chick-fil-A | G80: Chick-fil-A - Dine & Donate | H80: Yes | I80: 0 | J80: 13
A81: Fundraising Inc. | B81: Spirit Nights | C81: 46137 | D81: Yes | E81: Deposit | F81: Deposit | G81: Lovebird (160); Box Tops (17.20) | H81: Yes | I81: 0 | J81: 160
... A84: Fundraising Inc. | B84: Spirit Nights | C84: 46181 | D84: Yes | E84: Check | F84: Red Robin | G84: Spirit Night | H84: Yes | I84: 0 | J84: 105.1
A85: Fundraising Inc. | B85: Sweetheart Dance | C85: 45876 | D85: Yes | E85: 2028 | F85: Solid Ground DJs | G85: DJ Deposit | H85: Yes | I85: 550 | J85: 0
A86: Fundraising Inc. | B86: Sweetheart Dance | C86: 46063 | D86: Yes | E86: MPP Deposit | F86: MPP Deposit - Dance | G86: MPP Deposit - Dance (75 Tickets) | H86: Yes | I86: 0 | J86: 864
A87: Fundraising Inc. | B87: Sweetheart Dance | C87: 46064 | D87: Yes | E87: MPP Deposit | F87: MPP Deposit - Dance | G87: MPP Deposit - Dance (11 Tickets) | H87: Yes | I87: 0 | J87: 126.72
A88: Fundraising Inc. | B88: Sweetheart Dance | C88: 46065 | D88: Yes | E88: MPP Deposit - Dance | F88: MPP Deposit - Dance | G88: MPP Deposit - Dance (13 Tickets) | H88: Yes | I88: 0 | J88: 149.76
A89: Fundraising Inc. | B89: Sweetheart Dance | C89: 46066 | D89: Yes | E89: MPP Deposit - Dance | F89: MPP Deposit - Dance | G89: MPP Deposit - Dance (7 Tickets) | H89: Yes | I89: 0 | J89: 80.64
A90: Fundraising Inc. | B90: Sweetheart Dance | C90: 46070 | D90: Yes | E90: MPP Deposit | F90: MPP Deposit - Dance | G90: MPP Deposit - Dance (18 Tickets) | H90: Yes | I90: 0 | J90: 207.36
A91: Fundraising Inc. | B91: Sweetheart Dance | C91: 46071 | D91: Yes | E91: MPP Deposit - Dance | F91: MPP Deposit - Dance | G91: MPP Deposit - Dance ( 13 Tickets) | H91: Yes | I91: 0 | J91: 149.76
A92: Fundraising Inc. | B92: Sweetheart Dance | C92: 46072 | D92: Yes | E92: MPP Deposit - Dance | F92: MPP Deposit - Dance | G92: MPP Deposit - Dance (1 ticket) | H92: Yes | I92: 0 | J92: 11.52
A93: Fundraising Inc. | B93: Sweetheart Dance | C93: 46073 | D93: Yes | E93: MPP Deposit | F93: MPP Deposit - Dance | G93: MPP Deposit - Dance (1 Ticket) | H93: Yes | I93: 0 | J93: 11.52
A94: Fundraising Inc. | B94: Sweetheart Dance | C94: 46076 | D94: Yes | E94: MPP Deposit | F94: MPP Deposit - Dance | G94: MPP Deposit - Dance (5 Tickets) | H94: Yes | I94: 0 | J94: 57.6
A95: Fundraising Inc. | B95: Sweetheart Dance | C95: 46077 | D95: Yes | E95: MPP Deposit | F95: MPP Deposit - Dance | G95: MPP Deposit - Dance (5 Tickets) | H95: Yes | I95: 0 | J95: 57.6
A96: Fundraising Inc. | B96: Sweetheart Dance | C96: 46078 | D96: Yes | E96: MPP Deposit | F96: MPP Deposit - Dance | G96: MPP Deposit - Dance (4 Tickets) | H96: Yes | I96: 0 | J96: 46.08
A97: Fundraising Inc. | B97: Sweetheart Dance | C97: 46079 | D97: Yes | E97: MPP Deposit | F97: MPP Deposit - Dance | G97: MPP Deposit - Dance (5 Tickets) | H97: Yes | I97: 0 | J97: 57.6
... A102: Fundraising Inc. | B102: Sweetheart Dance | C102: 46086 | D102: Yes | E102: MPP Deposit | F102: MPP Deposit - Dance | G102: MPP Deposit - Dance (1 Ticket) | H102: Yes | I102: 0 | J102: 11.52
A103: Fundraising Inc. | B103: Sweetheart Dance | C103: 46086 | D103: Yes | E103: 2063 | F103: Solid Ground DJs | G103: DJ Payment | H103: Yes | I103: 550 | J103: 0
A104: Fundraising Inc. | B104: Sweetheart Dance | C104: 46087 | D104: Yes | E104: MPP Deposit | F104: MPP Deposit - Dance | G104: MPP Deposit - Dance (3 Tickets) | H104: Yes | I104: 0 | J104: 34.56
A105: Fundraising Inc. | B105: Sweetheart Dance | C105: 46090 | D105: Yes | E105: 2064 | F105: Evolution Candy | G105: Sweetheart Dance Supplies | H105: Yes | I105: 582.66 | J105: 0
A106: Fundraising Inc. | B106: Sweetheart Dance | C106: 46090 | D106: Yes | E106: 2065 | F106: Katie McCollum | G106: Sweetheart Dance Decorations and Supplies | H106: Yes | I106: 389.08 | J106: 0
A107: Fundraising Inc. | B107: Sweetheart Dance | C107: 46090 | D107: Yes | E107: MPP Deposit | F107: MPP Deposit | G107: Dance (345.60), Memory Book (15.38) | H107: Yes | I107: 0 | J107: 345.6
A108: Fundraising Inc. | B108: Sweetheart Dance | C108: 46120 | D108: Yes | E108: Deposit | F108: Cash | G108: Sweetheart Dance Cash Donations | H108: Yes | I108: 0 | J108: 37
A109: Fundraising Inc. | B109: Winter Programs | C109: 46009 | D109: Yes | E109: MPP Deposit | F109: MPP | G109: MPP Winter Clubs & LHSA Dues | H109: Yes | I109: 0 | J109: 4550.85
A110: Fundraising Inc. | B110: Winter Programs | C110: 46010 | D110: Yes | E110: MPP Deposit | F110: MPP Winter Clubs | G110: MPP Winter Clubs | H110: Yes | I110: 0 | J110: 4.49
A111: Fundraising Inc. | B111: Winter Programs | C111: 46013 | D111: Yes | E111: MPP Deposit | F111: MPP Winter Clubs | G111: MPP Winter Clubs | H111: Yes | I111: 0 | J111: 842.94
A112: Fundraising Inc. | B112: Winter Programs | C112: 46014 | D112: Yes | E112: MPP Deposit | F112: MPP Deposit Winter Clubs | G112: MPP Deposit Winter Clubs | H112: Yes | I112: 0 | J112: 316.43
A113: Fundraising Inc. | B113: Winter Programs | C113: 46015 | D113: Yes | E113: MPP Deposit | F113: MPP Winter Clubs | G113: MPP Winter Clubs | H113: Yes | I113: 0 | J113: 86.41
A114: Fundraising Inc. | B114: Winter Programs | C114: 46017 | D114: Yes | E114: MPP Deposit | F114: MPP Winter Clubs | G114: MPP Winter Clubs | H114: Yes | I114: 0 | J114: 57.61
A115: Fundraising Inc. | B115: Winter Programs | C115: 46020 | D115: Yes | E115: MPP Deposit | F115: MPP Winter Clubs | G115: MPP Winter Clubs | H115: Yes | I115: 0 | J115: 9.6
A116: Fundraising Inc. | B116: Winter Programs | C116: 46028 | D116: Yes | E116: MPP Deposit | F116: MPP Winter Clubs | G116: MPP Winter Clubs | H116: Yes | I116: 0 | J116: 19.2
A117: Fundraising Inc. | B117: Winter Programs | C117: 46029 | D117: Yes | E117: MPP Deposit | F117: MPP Winter Clubs | G117: MPP Winter Clubs | H117: Yes | I117: 0 | J117: 57.61
A118: Fundraising Inc. | B118: Winter Programs | C118: 46030 | D118: Yes | E118: MPP Charge Back | F118: MPP Winter Clubs Charge Back | G118: MPP Winter Clubs Charge Back | H118: Yes | I118: 120 | J118: 0
A119: Fundraising Inc. | B119: Winter Programs | C119: 46032 | D119: Yes | E119: 2050 | F119: Doylestown Rock Gym | G119: Rock Gym Winter Club (11 kids) | H119: Yes | I119: 484 | J119: 0
A120: Fundraising Inc. | B120: Winter Programs | C120: 46032 | D120: Yes | E120: 2051 | F120: YMCA of Bucks & Hunterdon Counties | G120: YMCA Sports Frenzy and Extreme Sports | H120: Yes | I120: 990 | J120: 0
A121: Fundraising Inc. | B121: Winter Programs | C121: 46032 | D121: Yes | E121: 2052 | F121: Pink Skirt Desserts | G121: Winter Clubs (Mon & Wed) | H121: Yes | I121: 0 | J121: 0
A122: Fundraising Inc. | B122: Winter Programs | C122: 46034 | D122: Yes | E122: 2053 | F122: Pink Skirt Desserts | G122: Winter Clubs | H122: Yes | I122: 4040 | J122: 0
A123: Fundraising Inc. | B123: Winter Programs | C123: 46034 | D123: Yes | E123: 2054 | F123: Chris Coleman | G123: Refund - Wed Pink Skirts Alex Coleman | H123: Yes | I123: 120 | J123: 0
A124: Fundraising Inc. | B124: Winter Programs | C124: 46034 | D124: Yes | E124: MPP Deposit | F124: MPP Deposit | G124: MPP Deposit Winter Clubs | H124: Yes | I124: 0 | J124: 92.17
A125: Fundraising Inc. | B125: Winter Programs | C125: 46035 | D125: Yes | E125: MPP Deposit | F125: MPP Deposit | G125: MPP Winter Clubs | H125: Yes | I125: 0 | J125: 19.2
A126: Fundraising Inc. | B126: Winter Programs | C126: 46036 | D126: Yes | E126: MPP Deposit | F126: MPP Deposit | G126: MPP Deposit Winter Clubs | H126: Yes | I126: 0 | J126: 92.17
A127: Fundraising Inc. | B127: Winter Programs | C127: 46036 | D127: Yes | E127: 2055 | F127: Pink Skirt Desserts | G127: Fee for kids in need | H127: Yes | I127: 240 | J127: 0
...

Sheet Supported Programs Income & Exp
A1: Supported Programs Income and Expense | C1: Run 'Category Detail Report' from PTO Manager
A2: ='Fundraising Income & Expense'!A2 -> 2025-2026 School Year
A4: Heading | B4: Category | C4: Date | D4: Active | E4: Chk/Ref | F4: Payee/Payor | G4: Description | H4: Cleared? | I4: Cash Out | J4: Cash In
A5: School Programs Exp. | B5: 6th & 5th Grade - Ropes Course | C5: 45918 | D5: Yes | E5: 2034 | F5: Linden Activity Fund | G5: 6th Grade Ropes Course Donation | H5: Yes | I5: 4000 | J5: 0
A6: School Programs Exp. | B6: 6th & 5th Grade - Ropes Course | C6: 46100 | D6: Yes | E6: 2066 | F6: Linden Activity Fund | G6: 5th Grade Ropes Course Donation | H6: Yes | I6: 4000 | J6: 0
A7: School Programs Exp. | B7: Assemblies | C7: 45902 | D7: Yes | E7: 2030 | F7: Play Fit Education | G7: Assembly on 9/12/2025 | H7: Yes | I7: 1265 | J7: 0
A8: School Programs Exp. | B8: Assemblies | C8: 46002 | D8: Yes | E8: 2045 | F8: Full Send BMX | G8: BMX Bike Assembly Deposit | H8: Yes | I8: 350 | J8: 0
A9: School Programs Exp. | B9: Assemblies | C9: 46043 | D9: Yes | E9: 2058 | F9: Fitzpatrick School of Irish Dance | G9: Assembly | H9: Yes | I9: 450 | J9: 0
A10: School Programs Exp. | B10: Assemblies | C10: 46119 | D10: Yes | E10: 2071 | F10: Full Send BMX | G10: BMX Assembly | H10: Yes | I10: 1605 | J10: 0
A11: School Programs Exp. | B11: Author Assembly | C11: 46043 | D11: Yes | E11: 2059 | F11: Victoria Jamieson | G11: Author Visit | H11: Yes | I11: 2000 | J11: 0
A12: School Programs Exp. | B12: Author Assembly | C12: 46155 | D12: Yes | E12: 2074 | F12: Annette Whipple | G12: Author Assembly | H12: Yes | I12: 557.5 | J12: 0
A13: School Programs Exp. | B13: Bingo Night | C13: 46052 | D13: Yes | E13: 2060 | F13: Cash Box | G13: Bingo Night Cash Box | H13: Yes | I13: 315 | J13: 0
A14: School Programs Exp. | B14: Bingo Night | C14: 46053 | D14: Yes | E14: Cash | F14: Cash Box | G14: Pizza Sales & Cash Box Return | H14: Yes | I14: 0 | J14: 804
A15: School Programs Exp. | B15: Bingo Night | C15: 46055 | D15: Yes | E15: 2061 | F15: Krishna Patel | G15: Bingo Night Pizza, Chips, Drinks and Bingo Cards | H15: Yes | I15: 350.74 | J15: 0
A16: School Programs Exp. | B16: Field Day | C16: 46161 | D16: Yes | E16: 2076 | F16: Caitrin Shelley | G16: Field Day (99.9), Staff Appreciation (443.78) | H16: Yes | I16: 99.9 | J16: 0
A17: School Programs Exp. | B17: Financial Assistance/Roxy Reading | C17: 46169 | D17: Yes | E17: 2078 | F17: Roxy Therapy Dogs | G17: Donation | H17: Yes | I17: 250 | J17: 0
A18: School Programs Exp. | B18: Garden & Nature | C18: 45964 | D18: Yes | E18: 2041 | F18: Karen Hansen | G18: Garden Supplies for 2025 | H18: Yes | I18: 146.82 | J18: 0
A19: School Programs Exp. | B19: Library | C19: 45931 | D19: Yes | E19: 2035 | F19: Debbie Free | G19: Book Fair gift cards for students in need | H19: Yes | I19: 144 | J19: 0
A20: School Programs Exp. | B20: Misc School Expenses | C20: 45953 | D20: Yes | E20: 2039 | F20: Claire Ramamurthy | G20: 5th Grade Hayride Family in Need | H20: Yes | I20: 20 | J20: 0
A21: School Programs Exp. | B21: Reading Olympics | C21: 46118 | D21: Yes | E21: 2067 | F21: Linden Activity Fund | G21: Team Registration Fee | H21: Yes | I21: 100 | J21: 0
A22: School Programs Exp. | B22: Reading Olympics | C22: 46118 | D22: Yes | E22: 2068 | F22: CBSD | G22: Reading Olympics Books | H22: Yes | I22: 309.63 | J22: 0
A23: School Programs Exp. | B23: Reading Olympics | C23: 46118 | D23: Yes | E23: 2069 | F23: Heritage Screen Printing | G23: Reading Olympics T-Shirts | H23: Yes | I23: 380 | J23: 0
A24: School Programs Exp. | B24: Reading Olympics | C24: 46118 | D24: Yes | E24: 2070 | F24: Pizza Village | G24: Reading Olympics Pizza | H24: Yes | I24: 190.7 | J24: 0
A25: School Programs Exp. | B25: Reading Olympics | C25: 46119 | D25: Yes | E25: 2072 | F25: Debbie Free | G25: Reading Olympics Drinks for Party | H25: Yes | I25: 16.48 | J25: 0
A26: School Programs Exp. | B26: School Spirit Programs | C26: 45887 | D26: Yes | E26: 2029 | F26: Kampus Klothes | G26: Kinder T-Shirts | H26: Yes | I26: 474.5 | J26: 0
A27: School Programs Exp. | B27: Sixth & Fifth Grade Celebration | C27: 46160 | D27: Yes | E27: MPP Deposits 6th Grade Promotion & Dues (5/14,5/15,5/18) | F27: MPP Deposits 6th Grade Promotion & Dues (5/14,5/15,5/18) | G27: MPP Deposits 6th Grade Promotion & Dues (5/14,5/15,5/18) | H27: Yes | I27: 0 | J27: 480.01
A28: School Programs Exp. | B28: Sixth & Fifth Grade Celebration | C28: 46161 | D28: Yes | E28: MPP Deposit` | F28: MPP Deposit 6th Grade Promotion | G28: MPP Deposit 6th Grade Promotion | H28: Yes | I28: 0 | J28: 96
A29: School Programs Exp. | B29: Sixth & Fifth Grade Celebration | C29: 46162 | D29: Yes | E29: MPP Deposit | F29: MPP Deposit 6th Grade Promotion | G29: MPP Deposit 6th Grade Promotion | H29: Yes | I29: 0 | J29: 76.81
A30: School Programs Exp. | B30: Sixth & Fifth Grade Celebration | C30: 46163 | D30: Yes | E30: MPP Deposit | F30: MPP Deposit | G30: Sixth Grade Promotion and LHSA Dues | H30: Yes | I30: 0 | J30: 43.2
A31: School Programs Exp. | B31: Sixth & Fifth Grade Celebration | C31: 46169 | D31: Yes | E31: MPP Deposit | F31: MPP Deposit - 6th grade promotion (5/22,26,27) | H31: Yes | I31: 0 | J31: 72
A32: School Programs Exp. | B32: Sixth & Fifth Grade Celebration | C32: 46171 | D32: Yes | E32: 2079 | F32: Courtney Taylor | G32: 6th Grade Promotion T-Shirts | H32: Yes | I32: 698 | J32: 0
A33: School Programs Exp. | B33: Sixth & Fifth Grade Celebration | C33: 46171 | D33: Yes | E33: MPP Deposit | F33: MPP Deposit | G33: 6th grade promotion | H33: Yes | I33: 0 | J33: 24
A34: School Programs Exp. | B34: Sixth & Fifth Grade Celebration | C34: 46174 | D34: Yes | E34: MPP Deposit | F34: MPP Deposit | G34: MPP Deposit 6th Grade Promotion | H34: Yes | I34: 0 | J34: 48
A35: School Programs Exp. | B35: Sixth & Fifth Grade Celebration | C35: 46175 | D35: Yes | E35: MPP Deposit | F35: MPP Deposit | G35: 6th Grade Promotion | H35: Yes | I35: 0 | J35: 24
A36: School Programs Exp. | B36: Sixth & Fifth Grade Celebration | C36: 46177 | D36: Yes | E36: MPP Deposit | F36: MPP Deposit | G36: 6th Grade Promotion | H36: Yes | I36: 0 | J36: 144
A37: School Programs Exp. | B37: Sixth & Fifth Grade Celebration | C37: 46181 | D37: Yes | E37: MPP Deposit | F37: MPP Deposit | G37: Sixth Grade Promotion | H37: Yes | I37: 0 | J37: 48
A38: School Programs Exp. | B38: Sixth & Fifth Grade Celebration | C38: 46181 | D38: Yes | E38: 2080 | F38: Erica Levin | G38: 6th Grade Promotion Supplies | H38: Yes | I38: 83.98 | J38: 0
A39: School Programs Exp. | B39: Sixth & Fifth Grade Celebration | C39: 46181 | D39: Yes | E39: 2081 | F39: Victoria Fenstermaker | G39: 6th Grade Promotion Supplies | H39: Yes | I39: 204.14 | J39: 0
A40: School Programs Exp. | B40: Sixth & Fifth Grade Celebration | C40: 46181 | D40: Yes | E40: 2082 | F40: Claire Ramamurthy | G40: 6th Grade Promotion - Sloby Ice Cream Visit | H40: Yes | I40: 70 | J40: 0
A41: School Programs Exp. | B41: Sixth & Fifth Grade Celebration | C41: 46183 | D41: Yes | E41: MPP Deposit | F41: MPP Deposit - 6th Grade Celebration | G41: MPP Deposit - 6th Grade Celebration | H41: Yes | I41: 0 | J41: 24
A42: School Programs Exp. | B42: Sixth & Fifth Grade Celebration | C42: 46184 | D42: Yes | E42: MPP Charge Back | F42: MPP Charge Back | G42: MPP Charge Back | H42: Yes | I42: 25 | J42: 0
A43: School Programs Exp. | B43: Spelling Bee | C43: 46036 | D43: Yes | E43: 2056 | F43: Michael Donovan | G43: Spelling Bee Prizes | H43: Yes | I43: 45 | J43: 0
A44: School Programs Exp. | B44: Staff Appreciation | C44: 45918 | D44: Yes | E44: 2031 | F44: Caitrin Shelley | G44: Back to School Teacher Lunch | H44: Yes | I44: 368.95 | J44: 0
A45: School Programs Exp. | B45: Staff Appreciation | C45: 45939 | D45: Yes | E45: 2038 | F45: Caitrin Shelley | G45: Custodian Appreciation Day | H45: Yes | I45: 140.35 | J45: 0
A46: School Programs Exp. | B46: Staff Appreciation | C46: 45981 | D46: Yes | E46: 2043 | F46: Caitrin Shelley | G46: Staff Appreciation Breakfast | H46: Yes | I46: 141.49 | J46: 0
A47: School Programs Exp. | B47: Staff Appreciation | C47: 46150 | D47: Yes | E47: 2073 | F47: Caitrin Shelley | G47: Teach Appreciation Lunch | H47: Yes | I47: 700 | J47: 0
A48: School Programs Exp. | B48: Staff Appreciation | C48: 46161 | D48: Yes | E48: 2076 | F48: Caitrin Shelley | G48: Field Day (99.9), Staff Appreciation (443.78) | H48: Yes | I48: 443.78 | J48: 0
I51: =SUM(I5:I48) -> 19945.96 | J51: =SUM(J5:J48) -> 1884.02
J52: =J51-I51 -> -18061.94 | K52: Net
J53: =J52+'General Operating Exp'!J12+'Budget v. Actual 2025-2026'!D46 -> 0 | K53: check

Sheet General Operating Exp
A1: General Operating Expense | C1: Run 'Category Detail Report' from PTO Manager
A2: ='Supported Programs Income & Exp'!A2 -> 2025-2026 School Year
A4: Heading | B4: Category | C4: Date | D4: Active | E4: Chk/Ref | F4: Payee/Payor | G4: Description | H4: Cleared? | I4: Cash Out | J4: Cash In
A5: General Operating Exp. | B5: Accountant | C5: 45905 | D5: Yes | E5: 2032 | F5: Drew Sterner | G5: 2024-2025 Tax Return | H5: Yes | I5: 350 | J5: 0
A6: General Operating Exp. | B6: Bank Service Fees | C6: 46022 | D6: Yes | E6: Bank Service Fee | F6: Bank Service Fee | G6: Bank Service Fee | H6: Yes | I6: 1.52 | J6: 0
A7: General Operating Exp. | B7: PTO Manager Annual Fee | C7: 45918 | D7: Yes | E7: 2033 | F7: PTO Today | G7: PTO Manager Annual Fee | H7: Yes | I7: 139 | J7: 0
A8: General Operating Exp. | B8: Supplies / Postage | C8: 46115 | D8: Yes | E8: Direct Debit | F8: HARLAND CLARKE CHK ORDERS | G8: New Checks | H8: Yes | I8: 101.2 | J8: 0
I11: =SUM(I5:I9) -> 591.72 | J11: =SUM(J5:J9) -> 0
J12: =J11-I11 -> -591.72 | K12: Net

Sheet Checks
A1: Check List | C1: Run "Account Detail" Report in PTO
A2: ='General Operating Exp'!A2 -> 2025-2026 School Year
A5: Date | B5: Chk/Ref | C5: Description | D5: Payee/Payor | E5: Cleared | F5: Cash Out
A6: 45876 | B6: 2028 | C6: Solid Ground DJs | D6: DJ Deposit | E6: Yes | F6: 550
A7: 45887 | B7: 2029 | C7: Kampus Klothes | D7: Kinder T-Shirts | E7: Yes | F7: 474.5
A8: 45902 | B8: 2030 | C8: Play Fit Education | D8: Assembly on 9/12/2025 | E8: Yes | F8: 1265
A9: 45918 | B9: 2031 | C9: Caitrin Shelley | D9: Back to School Teacher Lunch | E9: Yes | F9: 368.95
A10: 45905 | B10: 2032 | C10: Drew Sterner | D10: 2024-2025 Tax Return | E10: Yes | F10: 350
A11: 45918 | B11: 2033 | C11: PTO Today | D11: PTO Manager Annual Fee | E11: Yes | F11: 139
A12: 45918 | B12: 2034 | C12: Linden Activity Fund | D12: 6th Grade Ropes Course Donation | E12: Yes | F12: 4000
A13: 45931 | B13: 2035 | C13: Debbie Free | D13: Book Fair gift cards for students in need | E13: Yes | F13: 144
A14: 45936 | B14: 2036 | C14: Cash Box | D14: Book Fair Cash Box | E14: Yes | F14: 130
A15: 45938 | B15: 2037 | C15: Cash Box | D15: Cash Box for Book Fair | E15: Yes | F15: 50
A16: 45939 | B16: 2038 | C16: Caitrin Shelley | D16: Custodian Appreciation Day | E16: Yes | F16: 140.35
A17: 45953 | B17: 2039 | C17: Claire Ramamurthy | D17: 5th Grade Hayride Family in Need | E17: Yes | F17: 20
... A53: 46157 | B53: 2075 | C53: Memory Book by Jostens | D53: Yearbook | E53: Yes | F53: 6019.53
A54: 46161 | B54: 2076 | C54: Caitrin Shelley | D54: Field Day (99.9), Staff Appreciation (443.78) | E54: Yes | F54: =99.9+443.78 -> 543.68
A55: 46163 | B55: 2077 | C55: Caitrin Shelley | D55: Run Club Supplies & Snacks | E55: Yes | F55: 1281.28
A56: 46169 | B56: 2078 | C56: Roxy Therapy Dogs | D56: Donation | E56: Yes | F56: 250
A57: 46171 | B57: 2079 | C57: Courtney Taylor | D57: 6th Grade Promotion T-Shirts | E57: Yes | F57: 698
A58: 46181 | B58: 2080 | C58: Erica Levin | D58: 6th Grade Promotion Supplies | E58: Yes | F58: 83.98
A59: 46181 | B59: 2081 | C59: Victoria Fenstermaker | D59: 6th Grade Promotion Supplies | E59: Yes | F59: 204.14
A60: 46181 | B60: 2082 | C60: Claire Ramamurthy | D60: 6th Grade Promotion - Sloby Ice Cream Visit | E60: Yes | F60: 70
F63: =SUM(F6:F60) -> 44069.47

Sheet Acct Summary 2025-2026
A3: Account Name | B3: Opening Balance | C3: Cash Out | D3: Cash In | E3: Closing Balance
A4: TD Checking | B4: 18462.51 | C4: 44325.19 | D4: 34339.71 | E4: 8477.03 | G4: =B4-C4+D4-E4 -> 0
B5: =B4-'Account Balance'!D5 -> 0 | C5: =C4-'Account Balance'!E5 -> 0 | D5: =D4-'Account Balance'!F5 -> 0 | E5: =E4-'Account Balance'!G5 -> 0
A6: Activity Since July 1 2025
A7: Transaction Type | B7: Description | C7: Cash Out | D7: Cash In
A8: Withdrawal | B8: Sweetheart Dance Deposit - Solid Ground DJs | C8: 550
A9: Withdrawal | B9: Kindergarten T-Shirt - Kampus Klothes | C9: 474.5
A10: Withdrawal | B10: 9/12/2025 Assembly - Play Fit Education | C10: 1265
A11: Withdrawal | B11: Tax Accountant = Drew Sterner | C11: 350
A12: Withdrawal | B12: PTO Manager Annual Fee | C12: 139
A13: Withdrawal | B13: 6th Grade Ropes Course Donation | C13: 4000
A14: Withdrawal | B14: Back to School Teacher Lunch | C14: 368.95
A15: Withdrawal | B15: Book Fair Gift Cards for Students in Need | C15: 144
A16: Withdrawal | B16: Book Fair Cash Box | C16: 130
A17: Withdrawal | B17: Book Fair Cash Box | C17: 50
A18: Withdrawal | B18: Book Fair Cash Box | C18: 8
A19: Deposit | B19: Pay Pal Giving Fund | D19: 1.7
A20: Deposit | B20: Book Fair Sales | D20: 1689
A21: Withdrawal | B21: Custodian Appreciation Day | C21: 140.35
A22: Deposit | B22: Book Fair Sales | D22: 2673.57
A23: Deposit | B23: PJ Whelihan's - Dine and Donate | D23: 437.52
A24: Withdrawal | B24: 5th Grade Hayride Family in Need | C24: 20
A25: Withdrawal | B25: Literati Inc. - Book Fair Pmt | C25: 4137.42
A26: Withdrawal | B26: Karen Hansen - Garden Supplies for 2025 | C26: 146.82
A27: Deposit | B27: MPP LHSA Dues (Through 11/20/25) | D27: 2390.67
A28: Deposit | B28: Checks / Cash LHSA Dues (11/7/25) | D28: 920
A29: Deposit | B29: Checks / Cash LHSA Dues (11/19/25) | D29: 420
A30: Deposit | B30: Book Fair - Change from Cash Box | D30: 5.5
A31: Deposit | B31: MPP Pie Fundraiser (Through 11/20/25) | D31: 1209.6
A32: Deposit | B32: Checks / Cash Pie Fundraiser (11/19/25) | D32: 800
A33: Withdrawal | B33: Tabora Farms - Pie Payment | C33: 1371
A34: Withdrawal | B34: Staff Appreciation Breakfast | C34: 141.49
A35: Deposit | B35: MPP LHSA Dues | D35: 139.21
A36: Deposit | B36: Checks / Cash LHSA Dues | D36: 220
A37: Withdrawal | B37: Cash Box for Spirit Night Chick-fil-A | C37: 60
A38: Withdrawal | B38: BMX Bike Assembly Deposit | C38: 350
A39: Deposit | B39: Chick-fil-A Raffle Tickets | D39: 108
A40: Deposit | B40: Chipotle Spirit Night | D40: 146.96
A41: Deposit | B41: Red Robin Spirit Night | D41: 72.97
A42: Deposit | B42: Chick-fil-A Spirit Night | D42: 74.72
A43: Withdrawal | B43: Cash Box for Polar Pals Shop | C43: 280
A44: Withdrawal | B44: Polar Pals Gift Cards for Kids in Need | C44: 168
A45: Deposit | B45: Polar Pals Cash / Check Deposit | D45: 5414
A46: Withdrawal | B46: Believe Kids - Polar Pal Invoice Payment | C46: 1963.73
A47: Deposit | B47: Winter Clubs - MPP Deposits (12/18 - 1/15) | D47: 6148.68
A48: Withdrawal | B48: Winter Clubs - MPP Chargebacks | C48: 120
A49: Deposit | B49: Winter Clubs - Cash & Check Deposit (1/14) | D49: 250
A50: Withdrawal | B50: Doylestown Rock Gym | C50: 484
A51: Withdrawal | B51: YMCA of Bucks & Hunterdon Counties | C51: 990
A52: Withdrawal | B52: Pink Skirt Desserts | C52: 4040
A53: Withdrawal | B53: Refund - Wed Pink Skirts | C53: 120
A54: Withdrawal | B54: Refund - Sports Frenzy | C54: 60
A55: Withdrawal | B55: Pink Skirt Desserts | C55: 240
A56: Withdrawal | B56: Bank Service Fees | C56: 1.52
A57: Withdrawal | B57: Spelling Bee Prizes | C57: 45
A58: Withdrawal | B58: Fitzpatrick School of Irish Dance - Assembly | C58: 450
A59: Withdrawal | B59: Victoria Jamieson - Author Visit | C59: 2000
A60: Withdrawal | B60: Bingo Night Cash Box | C60: 315
A61: Deposit | B61: Pizza Sales & Cash Box Return | D61: 804
A62: Withdrawal | B62: Bingo Night Pizza, Chips, Drinks and Bingo Cards | C62: 350.74
A63: Deposit | B63: Box Tops for Education | D63: 118.3
A64: Deposit | B64: Dine & Donate - Jules Pizza | D64: 91
A65: Deposit | B65: MPP Deposit (2/10- 2/19)- Dance Tickets (138) | D65: 1589.76
A66: Withdrawal | B66: Craft Club Supplies | C66: 192.81
A67: Deposit | B67: Winter Club Donation | D67: 10
A68: Deposit | B68: MPP Deposit (2/20 - 3/9) Dance Tickets | D68: 840.96
A69: Deposit | B69: Dance Cash Donation | D69: 37
A70: Deposit | B70: Pink Skirt Desserts V-Day Cookie Kits | D70: 243.6
A71: Deposit | B71: Red Robin Spirit Night #2 | D71: 82.63
A72: Withdrawal | B72: Dance - Solid Ground DJs | C72: 550
A73: Withdrawal | B73: Dance - Evolution Candy | C73: 582.66
A74: Withdrawal | B74: Dance - Supplies & Decorations | C74: 389.08
A75: Deposit | B75: MPP Deposit (3/9 - 4/20) Yearbooks | D75: 2400.08
A76: Withdrawal | B76: 5th Grade Ropes Course Donation | C76: 4000
A77: Deposit | B77: LHSA Dues | D77: 57.6
A78: Withdrawal | B78: New Checks | C78: 101.2
A79: Withdrawal | B79: Reading Olympics Team Registration Fee | C79: 100
A80: Withdrawal | B80: Reading Olympics Books | C80: 309.63
A81: Withdrawal | B81: Reading Olympics T-Shirts | C81: 380
A82: Withdrawal | B82: Reading Olympics Pizza | C82: 190.7
A83: Withdrawal | B83: Reading Olympics Drinks for Party | C83: 16.48
A84: Withdrawal | B84: BMX Assembly | C84: 1605
A85: Deposit | B85: Chuck E Cheese - Dine & Donate #1 | D85: 29.03
A86: Deposit | B86: Chuck E Cheese - Dine & Donate #2 | D86: 413.99
A87: Deposit | B87: PJ's - Dine & Donate | D87: 118.83
A88: Deposit | B88: Chick-fil-A - Dine & Donate | D88: 13
A89: Deposit | B89: MPP Deposit (4/14 - 4/20) Run Club | D89: 595.2
A90: Deposit | B90: MPP Deposit (4/21 - 4/28) Run Club | D90: 710.43
A91: Deposit | B91: Box Tops | D91: 17.2
A92: Deposit | B92: Spirit Nights (Jules) | D92: 160
A93: Withdrawal | B93: Teacher Appreciation Lunch (Bocelli's) | C93: 700
A94: Withdrawal | B94: Author Assembly (Annette Whipple) | C94: 557.5
A95: Withdrawal | B95: Yearbook - Memory Book by Jostens | C95: 6019.53
A96: Deposit | B96: LHSA Dues | D96: 57.6
A97: Deposit | B97: MPP Deposit (5/14 - 5/21) 6th Grade Promotion | D97: 696.02
A98: Withdrawal | B98: Field Day Popsicles | C98: 99.9
A99: Withdrawal | B99: Staff Appreciation & Bus Driver Appreciation | C99: 443.78
A100: Deposit | B100: MPP Deposit (5/22 - 5/28) 6th Grade Promotion | D100: 72
A101: Withdrawal | B101: Run Club Snacks & Supplies | C101: 1281.28
A102: Withdrawal | B102: Roxy Therapy Dog Donation | C102: 250
...

Sheet Data - Categories
A1: Heading | B1: Category | C1: Date | D1: Active | E1: Chk/Ref | F1: Payee/Payor | G1: Description | H1: Cleared? | I1: Cash Out | J1: Cash In | K1: YTD
A2: Fundraising Inc. | B2: Book Fairs | C2: 45936 | D2: Yes | E2: 2036 | F2: Cash Box | G2: Book Fair Cash Box | H2: Yes | I2: 130 | J2: 0 | K2: -130
A3: Fundraising Inc. | B3: Book Fairs | C3: 45938 | D3: Yes | E3: Deposit | F3: Book Fair | G3: Literati | H3: Yes | I3: 0 | J3: 1689 | K3: 1559
A4: Fundraising Inc. | B4: Book Fairs | C4: 45938 | D4: Yes | E4: Withdraw | F4: Cash Box | G4: Cash Box for Book Fair | H4: Yes | I4: 8 | J4: 0 | K4: 1551
A5: Fundraising Inc. | B5: Book Fairs | C5: 45938 | D5: Yes | E5: 2037 | F5: Cash Box | G5: Cash Box for Book Fair | H5: Yes | I5: 50 | J5: 0 | K5: 1501
A6: Fundraising Inc. | B6: Book Fairs | C6: 45940 | D6: Yes | E6: Deposit | F6: Book Fair | G6: Literati | H6: Yes | I6: 0 | J6: 2673.57 | K6: 4174.57
A7: Fundraising Inc. | B7: Book Fairs | C7: 45955 | D7: Yes | E7: 2040 | F7: Literati Inc. | G7: Book Fair | H7: Yes | I7: 4137.42 | J7: 0 | K7: 37.15
A8: Fundraising Inc. | B8: Book Fairs | C8: 45968 | D8: Yes | E8: Deposit | F8: Book Fair | G8: Change from Cash Box | H8: Yes | I8: 0 | J8: 5.5 | K8: 42.65
A9: Fundraising Inc. | B9: Box Tops | C9: 45938 | D9: Yes | E9: Deposit | F9: Pay Pal Giving Fund | G9: Donation | H9: Yes | I9: 0 | J9: 1.7 | K9: 1.7
A10: Fundraising Inc. | B10: Box Tops | C10: 46053 | D10: Yes | E10: Check | F10: Box Tops | G10: Box Tops for Education | H10: Yes | I10: 0 | J10: 118.3 | K10: 120
A11: Fundraising Inc. | B11: Box Tops | C11: 46137 | D11: Yes | E11: Deposit | F11: Deposit | G11: Lovebird (160); Box Tops (17.20) | H11: Yes | I11: 0 | J11: 17.2 | K11: 137.2
A12: Fundraising Inc. | B12: Let's Run Program | C12: 46127 | D12: Yes | E12: MPP Deposit | F12: MPP Deposit | G12: Yearbook and Run Club | H12: Yes | I12: 0 | J12: 57.6 | K12: 57.6
A13: Fundraising Inc. | B13: Let's Run Program | C13: 46128 | D13: Yes | E13: MPP Deposit | F13: MPP Deposit | G13: Run Club | H13: Yes | I13: 0 | J13: 230.4 | K13: 288
A14: Fundraising Inc. | B14: Let's Run Program | C14: 46129 | D14: Yes | E14: MPP Deposit | F14: MPP Deposit | G14: Run Club | H14: Yes | I14: 0 | J14: 230.4 | K14: 518.4
A15: Fundraising Inc. | B15: Let's Run Program | C15: 46132 | D15: Yes | E15: MPP Deposit | F15: MPP Deposit | G15: LHSA Dues, Run Club, Yearbook | H15: Yes | I15: 0 | J15: 76.8 | K15: 595.2
A16: Fundraising Inc. | B16: Let's Run Program | C16: 46133 | D16: Yes | E16: MPP Deposit | F16: MPP Deposit | G16: Run Club | H16: Yes | I16: 0 | J16: 249.63 | K16: 844.83
A17: Fundraising Inc. | B17: Let's Run Program | C17: 46140 | D17: Yes | E17: MPP Deposits (4/22 - 4/28) | F17: MPP Deposit | G17: MPP Deposits Run Club (4/22 - 4/28) | H17: Yes | I17: 0 | J17: 460.8 | K17: 1305.63
A18: Fundraising Inc. | B18: Let's Run Program | C18: 46163 | D18: Yes | E18: 2077 | F18: Caitrin Shelley | G18: Run Club Supplies & Snacks | H18: Yes | I18: 1281.28 | J18: 0 | K18: 24.35
A19: Fundraising Inc. | B19: Let's Run Program | C19: 46181 | D19: Yes | E19: Cash | F19: Leaping Leopards | G19: Dues | H19: Yes | I19: 0 | J19: 20 | K19: 44.35
A20: Fundraising Inc. | B20: Let's Run Program | C20: 46197 | D20: Yes | E20: Deposit | F20: Leaping Leopards | G20: Dues | H20: Yes | I20: 0 | J20: 60 | K20: 104.35
A21: Fundraising Inc. | B21: LHSA Dues | C21: 45950 | D21: Yes | E21: MPP Deposit | F21: MPP LHSA Dues | G21: MPP LHSA Dues | H21: Yes | I21: 0 | J21: 192.01 | K21: 192.01
A22: Fundraising Inc. | B22: LHSA Dues | C22: 45951 | D22: Yes | E22: MPP Deposit | F22: MPP LHSA Dues | G22: MPP LHSA Dues | H22: Yes | I22: 0 | J22: 355.24 | K22: 547.25
A23: Fundraising Inc. | B23: LHSA Dues | C23: 45953 | D23: Yes | E23: MPP Deposit | F23: MPP LHSA Dues | G23: MPP LHSA Dues | H23: Yes | I23: 0 | J23: 28.8 | K23: 576.05
A24: Fundraising Inc. | B24: LHSA Dues | C24: 45954 | D24: Yes | E24: MPP Deposit | F24: MPP LHSA Dues | G24: MPP LHSA Dues | H24: Yes | I24: 0 | J24: 220.82 | K24: 796.87
A25: Fundraising Inc. | B25: LHSA Dues | C25: 45957 | D25: Yes | E25: MPP Deposit | F25: MPP Deposit LHSA Dues | G25: MPP Deposit LHSA Dues | H25: Yes | I25: 0 | J25: 268.82 | K25: 1065.69
A26: Fundraising Inc. | B26: LHSA Dues | C26: 45961 | D26: Yes | E26: Various MPP LHSA Dues | F26: MPP LHSA Dues | G26: MPP LHSA Dues | H26: Yes | I26: 0 | J26: 787.2 | K26: 1852.89
A27: Fundraising Inc. | B27: LHSA Dues | C27: 45968 | D27: Yes | E27: MPP LHSA Dues Various Dates | F27: MPP LHSA Dues Various Dates | G27: MPP LHSA Dues Various Dates | H27: Yes | I27: 0 | J27: 259.11 | K27: 2112
A28: Fundraising Inc. | B28: LHSA Dues | C28: 45968 | D28: Yes | E28: Deposit | F28: Cash/Checks | G28: LHSA Dues | H28: Yes | I28: 0 | J28: 920 | K28: 3032
A29: Fundraising Inc. | B29: LHSA Dues | C29: 45978 | D29: Yes | E29: MPP LHSA Dues Various Dates | F29: MPP LHSA Dues | G29: MPP LHSA Dues Various Dates | H29: Yes | I29: 0 | J29: 220.8 | K29: 3252.8
A30: Fundraising Inc. | B30: LHSA Dues | C30: 45980 | D30: Yes | E30: Deposits | F30: Checks/Cash | G30: LHSA Dues | H30: Yes | I30: 0 | J30: 420 | K30: 3672.8
... A51: Fundraising Inc. | B51: Memory Book | C51: 46132 | D51: Yes | E51: MPP Deposit | F51: MPP Deposit | G51: LHSA Dues, Run Club, Yearbook | H51: Yes | I51: 0 | J51: 230.41 | K51: 2400.08
A52: Fundraising Inc. | B52: Memory Book | C52: 46157 | D52: Yes | E52: 2075 | F52: Memory Book by Jostens | G52: Yearbook | H52: Yes | I52: 6019.53 | J52: 0 | K52: -3619.45
A53: Fundraising Inc. | B53: Memory Book | C53: 46197 | D53: Yes | E53: Deposit | F53: Yearbook | G53: Yearbook - End of the Year Sales | H53: Yes | I53: 0 | J53: 1220 | K53: -2399.45
A54: Fundraising Inc. | B54: Polar Pals Holiday Shop | C54: 46006 | D54: Yes | E54: 2046 | F54: Cash Box | G54: Cash Box for Polar Pals Shop | H54: Yes | I54: 220 | J54: 0 | K54: -220
A55: Fundraising Inc. | B55: Polar Pals Holiday Shop | C55: 46008 | D55: Yes | E55: 2047 | F55: Cash Box | G55: Quarters for Polar Pals Shop | H55: Yes | I55: 60 | J55: 0 | K55: -280
A56: Fundraising Inc. | B56: Polar Pals Holiday Shop | C56: 46008 | D56: Yes | E56: 2048 | F56: Denise Dempsey | G56: Polar Pals Gift Cards for Kids in Need | H56: Yes | I56: 168 | J56: 0 | K56: -448
A57: Fundraising Inc. | B57: Polar Pals Holiday Shop | C57: 46014 | D57: Yes | E57: Deposit | F57: Cash/Check | G57: Polar Pals | H57: Yes | I57: 0 | J57: 5414 | K57: 4966
A58: Fundraising Inc. | B58: Polar Pals Holiday Shop | C58: 46032 | D58: Yes | E58: 2049 | F58: Believe Kids | G58: Polar Pals Holiday Shop | H58: Yes | I58: 1963.73 | J58: 0 | K58: 3002.27
A59: Fundraising Inc. | B59: Spirit Nights | C59: 45940 | D59: Yes | E59: Deposit | F59: PJ Whelihan's | G59: Dine & Donate | H59: Yes | I59: 0 | J59: 437.52 | K59: 437.52
A60: Fundraising Inc. | B60: Spirit Nights | C60: 45961 | D60: Yes | E60: MPP Pie Fundraiser | F60: MPP Pie Fundraiser | G60: MPP Pie Fundraiser | H60: Yes | I60: 0 | J60: 124.85 | K60: 562.37
A61: Fundraising Inc. | B61: Spirit Nights | C61: 45968 | D61: Yes | E61: MPP Pie Fundraiser Various Dates | F61: MPP Pie Fundraiser | G61: MPP Pie Fundraiser Various Dates | H61: Yes | I61: 0 | J61: 192.14 | K61: 754.51
A62: Fundraising Inc. | B62: Spirit Nights | C62: 45978 | D62: Yes | E62: 2042 | F62: Tabora Farms | G62: Pie Fundraiser | H62: Yes | I62: 1371 | J62: 0 | K62: -616.49
A63: Fundraising Inc. | B63: Spirit Nights | C63: 45978 | D63: Yes | E63: MPP Pie Fundraiser Various Dates | F63: MPP Pie Fundraiser | G63: MPP Pie Fundraiser | H63: Yes | I63: 0 | J63: 499.26 | K63: -117.23
A64: Fundraising Inc. | B64: Spirit Nights | C64: 45980 | D64: Yes | E64: Deposit | F64: Cash/Checks | G64: Pie Fundraiser | H64: Yes | I64: 0 | J64: 800 | K64: 682.77
A65: Fundraising Inc. | B65: Spirit Nights | C65: 45981 | D65: Yes | E65: MPP Pie Fundraiser Various Dates | F65: MPP Pie Fundraiser | G65: MPP Pie Fundraiser Various Dates | H65: Yes | I65: 0 | J65: 393.35 | K65: 1076.12
A66: Fundraising Inc. | B66: Spirit Nights | C66: 45999 | D66: Yes | E66: 2044 | F66: Cash Box | G66: Cash Box for Spirit Night | H66: Yes | I66: 60 | J66: 0 | K66: 1016.12
A67: Fundraising Inc. | B67: Spirit Nights | C67: 46004 | D67: Yes | E67: Deposits | F67: Cash | G67: Chick-fil-A Raffle Tickets | H67: Yes | I67: 0 | J67: 108 | K67: 1124.12
A68: Fundraising Inc. | B68: Spirit Nights | C68: 46004 | D68: Yes | E68: Deposit | F68: Check | G68: Chipotle | H68: Yes | I68: 0 | J68: 146.96 | K68: 1271.08
A69: Fundraising Inc. | B69: Spirit Nights | C69: 46004 | D69: Yes | E69: Deposit | F69: Check | G69: Red Robin | H69: Yes | I69: 0 | J69: 72.97 | K69: 1344.05
A70: Fundraising Inc. | B70: Spirit Nights | C70: 46014 | D70: Yes | E70: Deposit | F70: Check | G70: Chick-fil-A | H70: Yes | I70: 0 | J70: 74.72 | K70: 1418.77
A71: Fundraising Inc. | B71: Spirit Nights | C71: 46053 | D71: Yes | E71: Check | F71: Jules Pizza | G71: Dine & Donates | H71: Yes | I71: 0 | J71: 91 | K71: 1509.77
A72: Fundraising Inc. | B72: Spirit Nights | C72: 46081 | D72: Yes | E72: Deposit | F72: Pink Skirts Dessert | G72: Donation | H72: Yes | I72: 0 | J72: 243.6 | K72: 1753.37
A73: Fundraising Inc. | B73: Spirit Nights | C73: 46081 | D73: Yes | E73: Deposit | F73: Red Robin | G73: Dine & Donate | H73: Yes | I73: 0 | J73: 82.63 | K73: 1836
A74: Fundraising Inc. | B74: Spirit Nights | C74: 46120 | D74: Yes | E74: Deposit | F74: Chuck E Cheese | G74: Chuck E Cheese - Dine & Donate #1 | H74: Yes | I74: 0 | J74: 29.03 | K74: 1865.03
A75: Fundraising Inc. | B75: Spirit Nights | C75: 46120 | D75: Yes | E75: Deposit | F75: Chuck E Cheese | G75: Chuck E Cheese - Dine & Donate #2 | H75: Yes | I75: 0 | J75: 413.99 | K75: 2279.02
A76: Fundraising Inc. | B76: Spirit Nights | C76: 46120 | D76: Yes | E76: Deposit | F76: PJ Whelihan's | G76: PJ's - Dine & Donate | H76: Yes | I76: 0 | J76: 118.83 | K76: 2397.85
A77: Fundraising Inc. | B77: Spirit Nights | C77: 46120 | D77: Yes | E77: Deposit | F77: Chick-fil-A | G77: Chick-fil-A - Dine & Donate | H77: Yes | I77: 0 | J77: 13 | K77: 2410.85
A78: Fundraising Inc. | B78: Spirit Nights | C78: 46137 | D78: Yes | E78: Deposit | F78: Deposit | G78: Lovebird (160); Box Tops (17.20) | H78: Yes | I78: 0 | J78: 160 | K78: 2570.85
... A81: Fundraising Inc. | B81: Spirit Nights | C81: 46181 | D81: Yes | E81: Check | F81: Red Robin | G81: Spirit Night | H81: Yes | I81: 0 | J81: 105.1 | K81: 3018.23
A82: Fundraising Inc. | B82: Sweetheart Dance | C82: 45876 | D82: Yes | E82: 2028 | F82: Solid Ground DJs | G82: DJ Deposit | H82: Yes | I82: 550 | J82: 0 | K82: -550
A83: Fundraising Inc. | B83: Sweetheart Dance | C83: 46063 | D83: Yes | E83: MPP Deposit | F83: MPP Deposit - Dance | G83: MPP Deposit - Dance (75 Tickets) | H83: Yes | I83: 0 | J83: 864 | K83: 314
A84: Fundraising Inc. | B84: Sweetheart Dance | C84: 46064 | D84: Yes | E84: MPP Deposit | F84: MPP Deposit - Dance | G84: MPP Deposit - Dance (11 Tickets) | H84: Yes | I84: 0 | J84: 126.72 | K84: 440.72
A85: Fundraising Inc. | B85: Sweetheart Dance | C85: 46065 | D85: Yes | E85: MPP Deposit - Dance | F85: MPP Deposit - Dance | G85: MPP Deposit - Dance (13 Tickets) | H85: Yes | I85: 0 | J85: 149.76 | K85: 590.48
A86: Fundraising Inc. | B86: Sweetheart Dance | C86: 46066 | D86: Yes | E86: MPP Deposit - Dance | F86: MPP Deposit - Dance | G86: MPP Deposit - Dance (7 Tickets) | H86: Yes | I86: 0 | J86: 80.64 | K86: 671.12
A87: Fundraising Inc. | B87: Sweetheart Dance | C87: 46070 | D87: Yes | E87: MPP Deposit | F87: MPP Deposit - Dance | G87: MPP Deposit - Dance (18 Tickets) | H87: Yes | I87: 0 | J87: 207.36 | K87: 878.48
A88: Fundraising Inc. | B88: Sweetheart Dance | C88: 46071 | D88: Yes | E88: MPP Deposit - Dance | F88: MPP Deposit - Dance | G88: MPP Deposit - Dance ( 13 Tickets) | H88: Yes | I88: 0 | J88: 149.76 | K88: 1028.24
A89: Fundraising Inc. | B89: Sweetheart Dance | C89: 46072 | D89: Yes | E89: MPP Deposit - Dance | F89: MPP Deposit - Dance | G89: MPP Deposit - Dance (1 ticket) | H89: Yes | I89: 0 | J89: 11.52 | K89: 1039.76
A90: Fundraising Inc. | B90: Sweetheart Dance | C90: 46073 | D90: Yes | E90: MPP Deposit | F90: MPP Deposit - Dance | G90: MPP Deposit - Dance (1 Ticket) | H90: Yes | I90: 0 | J90: 11.52 | K90: 1051.28
A91: Fundraising Inc. | B91: Sweetheart Dance | C91: 46076 | D91: Yes | E91: MPP Deposit | F91: MPP Deposit - Dance | G91: MPP Deposit - Dance (5 Tickets) | H91: Yes | I91: 0 | J91: 57.6 | K91: 1108.88
A92: Fundraising Inc. | B92: Sweetheart Dance | C92: 46077 | D92: Yes | E92: MPP Deposit | F92: MPP Deposit - Dance | G92: MPP Deposit - Dance (5 Tickets) | H92: Yes | I92: 0 | J92: 57.6 | K92: 1166.48
A93: Fundraising Inc. | B93: Sweetheart Dance | C93: 46078 | D93: Yes | E93: MPP Deposit | F93: MPP Deposit - Dance | G93: MPP Deposit - Dance (4 Tickets) | H93: Yes | I93: 0 | J93: 46.08 | K93: 1212.56
A94: Fundraising Inc. | B94: Sweetheart Dance | C94: 46079 | D94: Yes | E94: MPP Deposit | F94: MPP Deposit - Dance | G94: MPP Deposit - Dance (5 Tickets) | H94: Yes | I94: 0 | J94: 57.6 | K94: 1270.16
... A99: Fundraising Inc. | B99: Sweetheart Dance | C99: 46086 | D99: Yes | E99: MPP Deposit | F99: MPP Deposit - Dance | G99: MPP Deposit - Dance (1 Ticket) | H99: Yes | I99: 0 | J99: 11.52 | K99: 1500.56
A100: Fundraising Inc. | B100: Sweetheart Dance | C100: 46086 | D100: Yes | E100: 2063 | F100: Solid Ground DJs | G100: DJ Payment | H100: Yes | I100: 550 | J100: 0 | K100: 950.56
A101: Fundraising Inc. | B101: Sweetheart Dance | C101: 46087 | D101: Yes | E101: MPP Deposit | F101: MPP Deposit - Dance | G101: MPP Deposit - Dance (3 Tickets) | H101: Yes | I101: 0 | J101: 34.56 | K101: 985.12
A102: Fundraising Inc. | B102: Sweetheart Dance | C102: 46090 | D102: Yes | E102: 2064 | F102: Evolution Candy | G102: Sweetheart Dance Supplies | H102: Yes | I102: 582.66 | J102: 0 | K102: 402.46
A103: Fundraising Inc. | B103: Sweetheart Dance | C103: 46090 | D103: Yes | E103: 2065 | F103: Katie McCollum | G103: Sweetheart Dance Decorations and Supplies | H103: Yes | I103: 389.08 | J103: 0 | K103: 13.38
A104: Fundraising Inc. | B104: Sweetheart Dance | C104: 46090 | D104: Yes | E104: MPP Deposit | F104: MPP Deposit | G104: Dance (345.60), Memory Book (15.38) | H104: Yes | I104: 0 | J104: 345.6 | K104: 358.98
A105: Fundraising Inc. | B105: Sweetheart Dance | C105: 46120 | D105: Yes | E105: Deposit | F105: Cash | G105: Sweetheart Dance Cash Donations | H105: Yes | I105: 0 | J105: 37 | K105: 395.98
A106: Fundraising Inc. | B106: Winter Programs | C106: 46009 | D106: Yes | E106: MPP Deposit | F106: MPP | G106: MPP Winter Clubs & LHSA Dues | H106: Yes | I106: 0 | J106: 4550.85 | K106: 4550.85
A107: Fundraising Inc. | B107: Winter Programs | C107: 46010 | D107: Yes | E107: MPP Deposit | F107: MPP Winter Clubs | G107: MPP Winter Clubs | H107: Yes | I107: 0 | J107: 4.49 | K107: 4555.34
A108: Fundraising Inc. | B108: Winter Programs | C108: 46013 | D108: Yes | E108: MPP Deposit | F108: MPP Winter Clubs | G108: MPP Winter Clubs | H108: Yes | I108: 0 | J108: 842.94 | K108: 5398.28
A109: Fundraising Inc. | B109: Winter Programs | C109: 46014 | D109: Yes | E109: MPP Deposit | F109: MPP Deposit Winter Clubs | G109: MPP Deposit Winter Clubs | H109: Yes | I109: 0 | J109: 316.43 | K109: 5714.71
A110: Fundraising Inc. | B110: Winter Programs | C110: 46015 | D110: Yes | E110: MPP Deposit | F110: MPP Winter Clubs | G110: MPP Winter Clubs | H110: Yes | I110: 0 | J110: 86.41 | K110: 5801.12
A111: Fundraising Inc. | B111: Winter Programs | C111: 46017 | D111: Yes | E111: MPP Deposit | F111: MPP Winter Clubs | G111: MPP Winter Clubs | H111: Yes | I111: 0 | J111: 57.61 | K111: 5858.73
A112: Fundraising Inc. | B112: Winter Programs | C112: 46020 | D112: Yes | E112: MPP Deposit | F112: MPP Winter Clubs | G112: MPP Winter Clubs | H112: Yes | I112: 0 | J112: 9.6 | K112: 5868.33
A113: Fundraising Inc. | B113: Winter Programs | C113: 46028 | D113: Yes | E113: MPP Deposit | F113: MPP Winter Clubs | G113: MPP Winter Clubs | H113: Yes | I113: 0 | J113: 19.2 | K113: 5887.53
A114: Fundraising Inc. | B114: Winter Programs | C114: 46029 | D114: Yes | E114: MPP Deposit | F114: MPP Winter Clubs | G114: MPP Winter Clubs | H114: Yes | I114: 0 | J114: 57.61 | K114: 5945.14
A115: Fundraising Inc. | B115: Winter Programs | C115: 46030 | D115: Yes | E115: MPP Charge Back | F115: MPP Winter Clubs Charge Back | G115: MPP Winter Clubs Charge Back | H115: Yes | I115: 120 | J115: 0 | K115: 5825.14
A116: Fundraising Inc. | B116: Winter Programs | C116: 46032 | D116: Yes | E116: 2050 | F116: Doylestown Rock Gym | G116: Rock Gym Winter Club (11 kids) | H116: Yes | I116: 484 | J116: 0 | K116: 5341.14
A117: Fundraising Inc. | B117: Winter Programs | C117: 46032 | D117: Yes | E117: 2051 | F117: YMCA of Bucks & Hunterdon Counties | G117: YMCA Sports Frenzy and Extreme Sports | H117: Yes | I117: 990 | J117: 0 | K117: 4351.14
A118: Fundraising Inc. | B118: Winter Programs | C118: 46032 | D118: Yes | E118: 2052 | F118: Pink Skirt Desserts | G118: Winter Clubs (Mon & Wed) | H118: Yes | I118: 0 | J118: 0 | K118: 4351.14
A119: Fundraising Inc. | B119: Winter Programs | C119: 46034 | D119: Yes | E119: 2053 | F119: Pink Skirt Desserts | G119: Winter Clubs | H119: Yes | I119: 4040 | J119: 0 | K119: 311.14
A120: Fundraising Inc. | B120: Winter Programs | C120: 46034 | D120: Yes | E120: 2054 | F120: Chris Coleman | G120: Refund - Wed Pink Skirts Alex Coleman | H120: Yes | I120: 120 | J120: 0 | K120: 191.14
A121: Fundraising Inc. | B121: Winter Programs | C121: 46034 | D121: Yes | E121: MPP Deposit | F121: MPP Deposit | G121: MPP Deposit Winter Clubs | H121: Yes | I121: 0 | J121: 92.17 | K121: 283.31
A122: Fundraising Inc. | B122: Winter Programs | C122: 46035 | D122: Yes | E122: MPP Deposit | F122: MPP Deposit | G122: MPP Winter Clubs | H122: Yes | I122: 0 | J122: 19.2 | K122: 302.51
A123: Fundraising Inc. | B123: Winter Programs | C123: 46036 | D123: Yes | E123: MPP Deposit | F123: MPP Deposit | G123: MPP Deposit Winter Clubs | H123: Yes | I123: 0 | J123: 92.17 | K123: 394.68
A124: Fundraising Inc. | B124: Winter Programs | C124: 46036 | D124: Yes | E124: 2055 | F124: Pink Skirt Desserts | G124: Fee for kids in need | H124: Yes | I124: 240 | J124: 0 | K124: 154.68
A125: Fundraising Inc. | B125: Winter Programs | C125: 46036 | D125: Yes | E125: Deposit | F125: Winter Clubs Check & Cash Payment | G125: Winter Clubs Check & Cash Payment | H125: Yes | I125: 0 | J125: 250 | K125: 404.68
A126: Fundraising Inc. | B126: Winter Programs | C126: 46037 | D126: Yes | E126: 2057 | F126: Jennifer Danner | G126: Winter Club Refund | H126: Yes | I126: 60 | J126: 0 | K126: 344.68
...

Sheet Data - Account detail
A1: Account Name | B1: Date | C1: Chk/Ref | D1: Description | E1: Payee/Payor | F1: Cleared | G1: Cash In | H1: Cash Out | I1: Balance | J1: =I2+H2 -> 18462.51 | K1: =J1-'Acct Summary 2025-2026'!B4 -> 0 | L1: check
A2: TD Checking | B2: 45876 | C2: 2028 | D2: DJ Deposit | E2: Solid Ground DJs | F2: Y | G2: 0 | H2: 550 | I2: 17912.51
A3: TD Checking | B3: 45887 | C3: 2029 | D3: Kinder T-Shirts | E3: Kampus Klothes | F3: Y | G3: 0 | H3: 474.5 | I3: 17438.01
A4: TD Checking | B4: 45902 | C4: 2030 | D4: Assembly on 9/12/2025 | E4: Play Fit Education | F4: Y | G4: 0 | H4: 1265 | I4: 16173.01
A5: TD Checking | B5: 45905 | C5: 2032 | D5: 2024-2025 Tax Return | E5: Drew Sterner | F5: Y | G5: 0 | H5: 350 | I5: 15823.01
A6: TD Checking | B6: 45918 | C6: 2031 | D6: Back to School Teacher Lunch | E6: Caitrin Shelley | F6: Y | G6: 0 | H6: 368.95 | I6: 15454.06
A7: TD Checking | B7: 45918 | C7: 2033 | D7: PTO Manager Annual Fee | E7: PTO Today | F7: Y | G7: 0 | H7: 139 | I7: 15315.06
A8: TD Checking | B8: 45918 | C8: 2034 | D8: 6th Grade Ropes Course Donation | E8: Linden Activity Fund | F8: Y | G8: 0 | H8: 4000 | I8: 11315.06
A9: TD Checking | B9: 45931 | C9: 2035 | D9: Book Fair gift cards for students in need | E9: Debbie Free | F9: Y | G9: 0 | H9: 144 | I9: 11171.06
A10: TD Checking | B10: 45936 | C10: 2036 | D10: Book Fair Cash Box | E10: Cash Box | F10: Y | G10: 0 | H10: 130 | I10: 11041.06
A11: TD Checking | B11: 45938 | C11: 2037 | D11: Cash Box for Book Fair | E11: Cash Box | F11: Y | G11: 0 | H11: 50 | I11: 10991.06
A12: TD Checking | B12: 45938 | C12: Deposit | D12: Literati | E12: Book Fair | F12: Y | G12: 1689 | H12: 0 | I12: 12680.06
A13: TD Checking | B13: 45938 | C13: Deposit | D13: Donation | E13: Pay Pal Giving Fund | F13: Y | G13: 1.7 | H13: 0 | I13: 12681.76
A14: TD Checking | B14: 45938 | C14: Withdraw | D14: Cash Box for Book Fair | E14: Cash Box | F14: Y | G14: 0 | H14: 8 | I14: 12673.76
A15: TD Checking | B15: 45939 | C15: 2038 | D15: Custodian Appreciation Day | E15: Caitrin Shelley | F15: Y | G15: 0 | H15: 140.35 | I15: 12533.41
A16: TD Checking | B16: 45940 | C16: Deposit | D16: Dine & Donate | E16: PJ Whelihan's | F16: Y | G16: 437.52 | H16: 0 | I16: 12970.93
A17: TD Checking | B17: 45940 | C17: Deposit | D17: Literati | E17: Book Fair | F17: Y | G17: 2673.57 | H17: 0 | I17: 15644.5
A18: TD Checking | B18: 45950 | C18: MPP Deposit | D18: MPP LHSA Dues | E18: MPP LHSA Dues | F18: Y | G18: 192.01 | H18: 0 | I18: 15836.51
A19: TD Checking | B19: 45951 | C19: MPP Deposit | D19: MPP LHSA Dues | E19: MPP LHSA Dues | F19: Y | G19: 355.24 | H19: 0 | I19: 16191.75
A20: TD Checking | B20: 45953 | C20: 2039 | D20: 5th Grade Hayride Family in Need | E20: Claire Ramamurthy | F20: Y | G20: 0 | H20: 20 | I20: 16171.75
A21: TD Checking | B21: 45953 | C21: MPP Deposit | D21: MPP LHSA Dues | E21: MPP LHSA Dues | F21: Y | G21: 28.8 | H21: 0 | I21: 16200.55
A22: TD Checking | B22: 45954 | C22: MPP Deposit | D22: MPP LHSA Dues | E22: MPP LHSA Dues | F22: Y | G22: 220.82 | H22: 0 | I22: 16421.37
A23: TD Checking | B23: 45955 | C23: 2040 | D23: Book Fair | E23: Literati Inc. | F23: Y | G23: 0 | H23: 4137.42 | I23: 12283.95
A24: TD Checking | B24: 45957 | C24: MPP Deposit | D24: MPP Deposit LHSA Dues | E24: MPP Deposit LHSA Dues | F24: Y | G24: 268.82 | H24: 0 | I24: 12552.77
A25: TD Checking | B25: 45961 | C25: Various MPP LHSA Dues | D25: MPP LHSA Dues | E25: MPP LHSA Dues | F25: Y | G25: 787.2 | H25: 0 | I25: 13339.97
A26: TD Checking | B26: 45961 | C26: MPP Pie Fundraiser | D26: MPP Pie Fundraiser | E26: MPP Pie Fundraiser | F26: Y | G26: 124.85 | H26: 0 | I26: 13464.82
A27: TD Checking | B27: 45964 | C27: 2041 | D27: Garden Supplies for 2025 | E27: Karen Hansen | F27: Y | G27: 0 | H27: 146.82 | I27: 13318
A28: TD Checking | B28: 45968 | C28: Deposit | D28: Change from Cash Box | E28: Book Fair | F28: Y | G28: 5.5 | H28: 0 | I28: 13323.5
A29: TD Checking | B29: 45968 | C29: Deposit | D29: LHSA Dues | E29: Cash/Checks | F29: Y | G29: 920 | H29: 0 | I29: 14243.5
A30: TD Checking | B30: 45968 | C30: MPP LHSA Dues Various Dates | D30: MPP LHSA Dues Various Dates | E30: MPP LHSA Dues Various Dates | F30: Y | G30: 259.11 | H30: 0 | I30: 14502.61
A31: TD Checking | B31: 45968 | C31: MPP Pie Fundraiser Various Dates | D31: MPP Pie Fundraiser Various Dates | E31: MPP Pie Fundraiser | F31: Y | G31: 192.14 | H31: 0 | I31: 14694.75
A32: TD Checking | B32: 45978 | C32: 2042 | D32: Pie Fundraiser | E32: Tabora Farms | F32: Y | G32: 0 | H32: 1371 | I32: 13323.75
A33: TD Checking | B33: 45978 | C33: MPP LHSA Dues Various Dates | D33: MPP LHSA Dues Various Dates | E33: MPP LHSA Dues | F33: Y | G33: 220.8 | H33: 0 | I33: 13544.55
A34: TD Checking | B34: 45978 | C34: MPP Pie Fundraiser Various Dates | D34: MPP Pie Fundraiser | E34: MPP Pie Fundraiser | F34: Y | G34: 499.26 | H34: 0 | I34: 14043.81
A35: TD Checking | B35: 45980 | C35: Deposit | D35: Pie Fundraiser | E35: Cash/Checks | F35: Y | G35: 800 | H35: 0 | I35: 14843.81
A36: TD Checking | B36: 45980 | C36: Deposits | D36: LHSA Dues | E36: Checks/Cash | F36: Y | G36: 420 | H36: 0 | I36: 15263.81
A37: TD Checking | B37: 45981 | C37: MPP Pie Fundraiser Various Dates | D37: MPP Pie Fundraiser Various Dates | E37: MPP Pie Fundraiser | F37: Y | G37: 393.35 | H37: 0 | I37: 15657.16
A38: TD Checking | B38: 45981 | C38: MPP LHSA Dues Various Dates | D38: MPP LHSA Dues Various Dates | E38: MPP LHSA Dues | F38: Y | G38: 57.87 | H38: 0 | I38: 15715.03
A39: TD Checking | B39: 45981 | C39: 2043 | D39: Staff Appreciation Breakfast | E39: Caitrin Shelley | F39: Y | G39: 0 | H39: 141.49 | I39: 15573.54
A40: TD Checking | B40: 45989 | C40: MPP LHSA Dues | D40: MPP LHSA Dues | E40: MPP | F40: Y | G40: 86.41 | H40: 0 | I40: 15659.95
A41: TD Checking | B41: 45999 | C41: 2044 | D41: Cash Box for Spirit Night | E41: Cash Box | F41: Y | G41: 0 | H41: 60 | I41: 15599.95
A42: TD Checking | B42: 46002 | C42: 2045 | D42: BMX Bike Assembly Deposit | E42: Full Send BMX | F42: Y | G42: 0 | H42: 350 | I42: 15249.95
A43: TD Checking | B43: 46004 | C43: Deposits | D43: Chick-fil-A Raffle Tickets | E43: Cash | F43: Y | G43: 108 | H43: 0 | I43: 15357.95
A44: TD Checking | B44: 46004 | C44: Deposit | D44: Chipotle | E44: Check | F44: Y | G44: 146.96 | H44: 0 | I44: 15504.91
A45: TD Checking | B45: 46004 | C45: Deposit | D45: Red Robin | E45: Check | F45: Y | G45: 72.97 | H45: 0 | I45: 15577.88
A46: TD Checking | B46: 46004 | C46: Deposit | D46: LHSA Dues | E46: Checks | F46: Y | G46: 170 | H46: 0 | I46: 15747.88
A47: TD Checking | B47: 46006 | C47: 2046 | D47: Cash Box for Polar Pals Shop | E47: Cash Box | F47: Y | G47: 0 | H47: 220 | I47: 15527.88
A48: TD Checking | B48: 46007 | C48: MPP LHSA Dues | D48: MPP LHSA Dues | E48: MPP LHSA Dues | F48: Y | G48: 28.8 | H48: 0 | I48: 15556.68
A49: TD Checking | B49: 46008 | C49: 2047 | D49: Quarters for Polar Pals Shop | E49: Cash Box | F49: Y | G49: 0 | H49: 60 | I49: 15496.68
A50: TD Checking | B50: 46008 | C50: 2048 | D50: Polar Pals Gift Cards for Kids in Need | E50: Denise Dempsey | F50: Y | G50: 0 | H50: 168 | I50: 15328.68
A51: TD Checking | B51: 46009 | C51: MPP Deposit | D51: MPP Winter Clubs & LHSA Dues | E51: MPP | F51: Y | G51: 4574.85 | H51: 0 | I51: 19903.53
A52: TD Checking | B52: 46010 | C52: MPP Deposit | D52: MPP Winter Clubs | E52: MPP Winter Clubs | F52: Y | G52: 4.49 | H52: 0 | I52: 19908.02
A53: TD Checking | B53: 46013 | C53: MPP Deposit | D53: MPP Winter Clubs | E53: MPP Winter Clubs | F53: Y | G53: 842.94 | H53: 0 | I53: 20750.96
A54: TD Checking | B54: 46014 | C54: Deposit | D54: Chick-fil-A | E54: Check | F54: Y | G54: 74.72 | H54: 0 | I54: 20825.68
A55: TD Checking | B55: 46014 | C55: Deposit | D55: LHSA Dues | E55: Check | F55: Y | G55: 50 | H55: 0 | I55: 20875.68
A56: TD Checking | B56: 46014 | C56: Deposit | D56: Polar Pals | E56: Cash/Check | F56: Y | G56: 5414 | H56: 0 | I56: 26289.68
A57: TD Checking | B57: 46014 | C57: MPP Deposit | D57: MPP Deposit Winter Clubs | E57: MPP Deposit Winter Clubs | F57: Y | G57: 316.43 | H57: 0 | I57: 26606.11
A58: TD Checking | B58: 46015 | C58: MPP Deposit | D58: MPP Winter Clubs | E58: MPP Winter Clubs | F58: Y | G58: 86.41 | H58: 0 | I58: 26692.52
A59: TD Checking | B59: 46017 | C59: MPP Deposit | D59: MPP Winter Clubs | E59: MPP Winter Clubs | F59: Y | G59: 57.61 | H59: 0 | I59: 26750.13
A60: TD Checking | B60: 46020 | C60: MPP Deposit | D60: MPP Winter Clubs | E60: MPP Winter Clubs | F60: Y | G60: 9.6 | H60: 0 | I60: 26759.73
A61: TD Checking | B61: 46022 | C61: Bank Service Fee | D61: Bank Service Fee | E61: Bank Service Fee | F61: Y | G61: 0 | H61: 1.52 | I61: 26758.21
A62: TD Checking | B62: 46028 | C62: MPP Deposit | D62: MPP Winter Clubs | E62: MPP Winter Clubs | F62: Y | G62: 19.2 | H62: 0 | I62: 26777.41
... A64: TD Checking | B64: 46030 | C64: MPP Charge Back | D64: MPP Winter Clubs Charge Back | E64: MPP Winter Clubs Charge Back | F64: Y | G64: 0 | H64: 120 | I64: 26715.02
A65: TD Checking | B65: 46032 | C65: 2049 | D65: Polar Pals Holiday Shop | E65: Believe Kids | F65: Y | G65: 0 | H65: 1963.73 | I65: 24751.29
A66: TD Checking | B66: 46032 | C66: 2050 | D66: Rock Gym Winter Club (11 kids) | E66: Doylestown Rock Gym | F66: Y | G66: 0 | H66: 484 | I66: 24267.29
A67: TD Checking | B67: 46032 | C67: 2051 | D67: YMCA Sports Frenzy and Extreme Sports | E67: YMCA of Bucks & Hunterdon Counties | F67: Y | G67: 0 | H67: 990 | I67: 23277.29
A68: TD Checking | B68: 46032 | C68: 2052 | D68: Winter Clubs (Mon & Wed) | E68: Pink Skirt Desserts | F68: Y | G68: 0 | H68: 0 | I68: 23277.29
A69: TD Checking | B69: 46034 | C69: 2053 | D69: Winter Clubs | E69: Pink Skirt Desserts | F69: Y | G69: 0 | H69: 4040 | I69: 19237.29
A70: TD Checking | B70: 46034 | C70: 2054 | D70: Refund - Wed Pink Skirts Alex Coleman | E70: Chris Coleman | F70: Y | G70: 0 | H70: 120 | I70: 19117.29
A71: TD Checking | B71: 46034 | C71: MPP Deposit | D71: MPP Deposit Winter Clubs | E71: MPP Deposit | F71: Y | G71: 92.17 | H71: 0 | I71: 19209.46
A72: TD Checking | B72: 46035 | C72: MPP Deposit | D72: MPP Winter Clubs | E72: MPP Deposit | F72: Y | G72: 19.2 | H72: 0 | I72: 19228.66
A73: TD Checking | B73: 46036 | C73: MPP Deposit | D73: MPP Deposit Winter Clubs | E73: MPP Deposit | F73: Y | G73: 92.17 | H73: 0 | I73: 19320.83
A74: TD Checking | B74: 46036 | C74: 2055 | D74: Fee for kids in need | E74: Pink Skirt Desserts | F74: Y | G74: 0 | H74: 240 | I74: 19080.83
A75: TD Checking | B75: 46036 | C75: 2056 | D75: Spelling Bee Prizes | E75: Michael Donovan | F75: Y | G75: 0 | H75: 45 | I75: 19035.83
A76: TD Checking | B76: 46036 | C76: Deposit | D76: Winter Clubs Check & Cash Payment | E76: Winter Clubs Check & Cash Payment | F76: Y | G76: 250 | H76: 0 | I76: 19285.83
A77: TD Checking | B77: 46037 | C77: 2057 | D77: Winter Club Refund | E77: Jennifer Danner | F77: Y | G77: 0 | H77: 60 | I77: 19225.83
A78: TD Checking | B78: 46043 | C78: 2058 | D78: Assembly | E78: Fitzpatrick School of Irish Dance | F78: Y | G78: 0 | H78: 450 | I78: 18775.83
A79: TD Checking | B79: 46043 | C79: 2059 | D79: Author Visit | E79: Victoria Jamieson | F79: Y | G79: 0 | H79: 2000 | I79: 16775.83
A80: TD Checking | B80: 46052 | C80: 2060 | D80: Bingo Night Cash Box | E80: Cash Box | F80: Y | G80: 0 | H80: 315 | I80: 16460.83
A81: TD Checking | B81: 46053 | C81: Check | D81: Box Tops for Education | E81: Box Tops | F81: Y | G81: 118.3 | H81: 0 | I81: 16579.13
A82: TD Checking | B82: 46053 | C82: Check | D82: Dine & Donates | E82: Jules Pizza | F82: Y | G82: 91 | H82: 0 | I82: 16670.13
A83: TD Checking | B83: 46053 | C83: Cash | D83: Pizza Sales & Cash Box Return | E83: Cash Box | F83: Y | G83: 804 | H83: 0 | I83: 17474.13
A84: TD Checking | B84: 46055 | C84: 2061 | D84: Bingo Night Pizza, Chips, Drinks and Bingo Cards | E84: Krishna Patel | F84: Y | G84: 0 | H84: 350.74 | I84: 17123.39
A85: TD Checking | B85: 46063 | C85: MPP Deposit | D85: MPP Deposit - Dance (75 Tickets) | E85: MPP Deposit - Dance | F85: Y | G85: 864 | H85: 0 | I85: 17987.39
A86: TD Checking | B86: 46064 | C86: MPP Deposit | D86: MPP Deposit - Dance (11 Tickets) | E86: MPP Deposit - Dance | F86: Y | G86: 126.72 | H86: 0 | I86: 18114.11
A87: TD Checking | B87: 46065 | C87: MPP Deposit - Dance | D87: MPP Deposit - Dance (13 Tickets) | E87: MPP Deposit - Dance | F87: Y | G87: 149.76 | H87: 0 | I87: 18263.87
A88: TD Checking | B88: 46066 | C88: MPP Deposit - Dance | D88: MPP Deposit - Dance (7 Tickets) | E88: MPP Deposit - Dance | F88: Y | G88: 80.64 | H88: 0 | I88: 18344.51
A89: TD Checking | B89: 46070 | C89: MPP Deposit | D89: MPP Deposit - Dance (18 Tickets) | E89: MPP Deposit - Dance | F89: Y | G89: 207.36 | H89: 0 | I89: 18551.87
A90: TD Checking | B90: 46071 | C90: MPP Deposit - Dance | D90: MPP Deposit - Dance ( 13 Tickets) | E90: MPP Deposit - Dance | F90: Y | G90: 149.76 | H90: 0 | I90: 18701.63
A91: TD Checking | B91: 46072 | C91: MPP Deposit - Dance | D91: MPP Deposit - Dance (1 ticket) | E91: MPP Deposit - Dance | F91: Y | G91: 11.52 | H91: 0 | I91: 18713.15
A92: TD Checking | B92: 46073 | C92: MPP Deposit | D92: MPP Deposit - Dance (1 Ticket) | E92: MPP Deposit - Dance | F92: Y | G92: 11.52 | H92: 0 | I92: 18724.67
A93: TD Checking | B93: 46076 | C93: MPP Deposit | D93: MPP Deposit - Dance (5 Tickets) | E93: MPP Deposit - Dance | F93: Y | G93: 57.6 | H93: 0 | I93: 18782.27
A94: TD Checking | B94: 46077 | C94: MPP Deposit | D94: MPP Deposit - Dance (5 Tickets) | E94: MPP Deposit - Dance | F94: Y | G94: 57.6 | H94: 0 | I94: 18839.87
A95: TD Checking | B95: 46078 | C95: MPP Deposit | D95: MPP Deposit - Dance (4 Tickets) | E95: MPP Deposit - Dance | F95: Y | G95: 46.08 | H95: 0 | I95: 18885.95
A96: TD Checking | B96: 46079 | C96: MPP Deposit | D96: MPP Deposit - Dance (5 Tickets) | E96: MPP Deposit - Dance | F96: Y | G96: 57.6 | H96: 0 | I96: 18943.55
A97: TD Checking | B97: 46079 | C97: 2062 | D97: Craft Club Supplies | E97: Claire Ramamurthy | F97: Y | G97: 0 | H97: 192.81 | I97: 18750.74
A98: TD Checking | B98: 46080 | C98: MPP Deposit | D98: MPP Deposit - Dance (5 Tickets) | E98: MPP Deposit - Dance | F98: Y | G98: 57.6 | H98: 0 | I98: 18808.34
A99: TD Checking | B99: 46081 | C99: Deposit | D99: Donation | E99: Pink Skirts Dessert | F99: Y | G99: 243.6 | H99: 0 | I99: 19051.94
A100: TD Checking | B100: 46081 | C100: Deposit | D100: Dine & Donate | E100: Red Robin | F100: Y | G100: 82.63 | H100: 0 | I100: 19134.57
A101: TD Checking | B101: 46081 | C101: Deposit | D101: Donation | E101: Parent | F101: Y | G101: 10 | H101: 0 | I101: 19144.57
...
